 Dungeon Crawl Stone Soup version 0.17-a0-1133-gfb1399f (webtiles) character file.

18126 magipi the Nimble (level 12, -7/72 HPs)
             Began as a Tengu Fire Elementalist on May 24, 2015.
             Was a High Priest of Makhleb.
             Mangled by a five-headed hydra (12 damage)
             ... on level 3 of the Lair of Beasts on May 25, 2015.
             The game lasted 01:32:02 (17162 turns).

magipi the Nimble (Tengu Fire Elementalist)        Turns: 17162, Time: 01:32:03

Health: -7/72      AC:  8    Str:  9    XL:     12   Next: 55%
Magic:  19/19      EV: 20    Int: 18    God:    Makhleb [*****.]
Gold:   535        SH:  0    Dex: 17    Spells: 4 memorised, 6 levels left

rFire  + . .     SeeInvis .     a - +2 rapier (venom)
rCold  . . .     Clarity  .     M - +4 robe of the Eight Boll Weevils {rPois}
rNeg   . . .     SustAt   +     (no shield)
rPois  +         Gourm    .     (helmet restricted)
rElec  .         Spirit   .     f - +0 cloak
rCorr  .         Warding  .     u - +0 pair of gloves
rMut   +         Stasis   .     (boots unavailable)
MR     .....                    L - amulet of resist mutation
Stlth  ++++......               O - ring of protection from fire
                                y - ring of sustain attributes

@: not resistant to hostile enchantments, stealthy
A: beak, talons 3, able to fly 1
a: Fly, Minor Destruction, Lesser Servant of Makhleb, Major Destruction, Greater
Servant of Makhleb, Renounce Religion


You were on level 3 of the Lair of Beasts.
You worshipped Makhleb.
Makhleb was extremely pleased with you.
You were not hungry.

You visited 3 branches of the dungeon, and saw 14 of its levels.
You also visited: Bailey.

You collected 733 gold pieces.
You spent 198 gold pieces at shops.

Notes
Turn   | Place    | Note
--------------------------------------------------------------
     0 | D:1      | magipi the Tengu Fire Elementalist began the quest for the Orb.
     0 | D:1      | Reached XP level 1. HP: 10/10 MP: 4/4
   641 | D:1      | Reached XP level 2. HP: 15/15 MP: 0/6
   989 | D:2      | Found an iron altar of Okawaru.
  1002 | D:2      | Reached XP level 3. HP: 19/19 MP: 7/7
  1007 | D:2      | Learned a level 3 spell: Conjure Flame
  1188 | D:2      | Reached skill level 4 in Fire Magic
  1769 | D:3      | Found a shadowy altar of Dithmenos.
  1976 | D:3      | Reached XP level 4. HP: 24/24 MP: 4/8
  2478 | D:4      | Noticed Sigmund
  2506 | D:4      | Noticed an ogre
  2793 | D:4      | Killed an ogre
  2793 | D:4      | Reached skill level 5 in Fire Magic
  2793 | D:4      | Gained mutation: You can fly. [Tengu growth]
  2793 | D:4      | Reached XP level 5. HP: 28/28 MP: 1/9
  2799 | D:4      | Learned a level 4 spell: Sticky Flame
  3203 | D:5      | Entered Level 5 of the Dungeon
  3203 | D:5      | Found an opulent altar of Gozag.
  3232 | D:5      | Noticed a sky beast
  3286 | D:5      | Reached skill level 5 in Conjurations
  3436 | D:5      | Found a shattered altar of Ashenzari.
  3534 | D:5      | Reached XP level 6. HP: 29/32 MP: 4/10
  3930 | D:5      | Reached skill level 6 in Conjurations
  3936 | D:5      | Found Gozag's Platinum Reserve.
  3992 | D:5      | Found a shimmering altar of Xom.
  4195 | D:5      | Found Naegheigh's Distillery.
  4203 | D:5      | Bought a potion of might for 44 gold pieces
  4203 | D:5      | Bought a potion of curing for 33 gold pieces
  4203 | D:5      | Bought a potion of poison for 11 gold pieces
  4203 | D:5      | Bought 2 potions of berserk rage for 110 gold pieces
  4305 | D:5      | Killed a sky beast
  4305 | D:5      | Reached XP level 7. HP: 36/36 MP: 5/11
  4722 | D:5      | Noticed an ogre
  4748 | D:5      | Killed an ogre
  4748 | D:5      | Reached skill level 7 in Conjurations
  5068 | D:6      | Found a burning altar of Makhleb.
  5068 | D:6      | Noticed an Executioner
  5071 | D:6      | Noticed an orange demon
  5071 | D:6      | Noticed an orange demon
  5073 | D:6      | Became a worshipper of Makhleb the Destroyer
  5993 | D:6      | Found a sacrificial altar of Ru.
  6024 | D:6      | Reached XP level 8. HP: 37/41 MP: 1/12
  6145 | D:6      | Acquired Makhleb's first power
  6557 | D:6      | Reached skill level 5 in Dodging
  6667 | D:6      | Noticed Eustachio
  6700 | D:6      | Killed Eustachio
  7078 | D:7      | Found a staircase to the Ecumenical Temple.
  7158 | Temple   | Entered the Ecumenical Temple
  7185 | D:7      | Found a flagged portal.
  7205 | Bailey   | Entered a bailey
  8383 | Bailey   | Reached skill level 8 in Dodging
  8577 | Bailey   | Noticed an orc knight
  8904 | D:7      | Reached XP level 9. HP: 45/45 MP: 13/13
  8937 | D:7      | Acquired Makhleb's second power
  9633 | D:8      | Found a stormy altar of Qazlal.
  9633 | D:8      | Found a white marble altar of Elyvilon.
  9633 | D:8      | Found a sacrificial altar of Ru.
  9785 | D:8      | Reached skill level 5 in Fighting
 10225 | D:8      | Found a sparkling altar of Nemelex Xobeh.
 10514 | D:8      | Got a crude robe
 10530 | D:8      | Identified the +4 robe of the Eight Boll Weevils {rPois} (You found it on level 8 of the Dungeon)
 10702 | D:9      | Found a staircase to the Lair.
 10783 | D:9      | Acquired Makhleb's third power
 10929 | D:9      | Reached skill level 9 in Dodging
 11188 | D:9      | Reached XP level 10. HP: 63/63 MP: 3/14
 11612 | D:9      | Upgraded the game from 0.17-a0-1129-g5854844 to 0.17-a0-1133-gfb1399f
 11624 | D:10     | Entered Level 10 of the Dungeon
 11632 | D:10     | Reached skill level 10 in Dodging
 11751 | D:10     | Noticed a hill giant
 11818 | D:10     | Killed a hill giant
 12067 | D:10     | Reached skill level 11 in Dodging
 12270 | D:10     | Noticed a hill giant
 12280 | D:10     | Killed a hill giant
 12549 | D:10     | Acquired Makhleb's fourth power
 12896 | D:10     | Reached skill level 10 in Conjurations
 12896 | D:10     | Reached XP level 11. HP: 67/67 MP: 2/15
 13161 | Lair:1   | Entered Level 1 of the Lair of Beasts
 13187 | Lair:1   | Noticed a seven-headed hydra
 13201 | Lair:1   | Killed a seven-headed hydra
 13336 | Lair:1   | Noticed a six-headed hydra
 13815 | Lair:1   | Reached skill level 10 in Fire Magic
 13943 | Lair:1   | Learned a level 5 spell: Fireball
 14014 | Lair:1   | Reached skill level 1 in Short Blades
 14365 | Lair:1   | You fall through a shaft!
 14432 | Lair:2   | Acquired Makhleb's fifth power
 15214 | Lair:2   | Noticed a five-headed hydra
 15229 | Lair:2   | Reached skill level 5 in Stealth
 15354 | Lair:2   | Reached skill level 5 in Short Blades
 15516 | Lair:2   | Reached XP level 12. HP: 39/72 MP: 6/19
 15994 | Lair:3   | Noticed a death yak
 16004 | Lair:3   | Noticed a death yak
 16005 | Lair:3   | Noticed a death yak
 16006 | Lair:3   | Noticed a death yak
 16029 | Lair:3   | Noticed a death yak
 16032 | Lair:3   | Killed a death yak
 16151 | Lair:2   | Killed a death yak
 16564 | Lair:3   | Killed a death yak
 17005 | Lair:3   | Noticed a five-headed hydra
 17013 | Lair:3   | Reached skill level 10 in Short Blades
 17162 | Lair:3   | Mangled by a five-headed hydra

Inventory:

Hand weapons
 a - a +2 rapier of venom (weapon)
 b - a +1 dagger of flaming
 m - a +0 dagger of draining
 w - a +0 blowgun
Missiles
 d - 52 stones (quivered)
 n - 11 curare-tipped needles
 B - 60 poisoned needles
 J - 8 javelins
Armour
 f - a +0 cloak (worn)
 u - a +0 pair of gloves (worn)
 M - the +4 robe of the Eight Boll Weevils (worn) {rPois}
   (You found it on level 8 of the Dungeon)

   It protects you from poison.
Jewellery
 y - a ring of sustain attributes (left hand)
 L - an amulet of resist mutation (around neck)
 O - a ring of protection from fire (right hand)
 W - an uncursed ring of teleportation
 X - an uncursed ring of fire
Magical devices
 r - a wand of fireball (6)
 F - a wand of fireball (5)
 H - a wand of magic darts (16)
 I - a wand of cold (10)
 P - a wand of digging (11)
 R - a wand of polymorph (9)
 T - a wand of digging (11)
Scrolls
 e - 3 scrolls of recharging
 k - 5 scrolls of magic mapping
 o - 2 scrolls of teleportation
 p - a scroll of amnesia
 q - 2 scrolls of remove curse
 A - a scroll of fog {unknown}
 D - 3 scrolls of immolation
 N - 2 scrolls of brand weapon {unknown}
 Q - a scroll of noise {unknown}
 U - 4 scrolls of enchant weapon {unknown}
Potions
 i - 2 potions of invisibility
 l - a potion of lignification
 s - 2 potions of magic
 t - 3 potions of brilliance
 v - 3 potions of haste
 x - 5 potions of curing
 z - 2 potions of resistance
 C - 2 potions of might
 E - 3 potions of berserk rage
 G - 2 potions of ambrosia {unknown}
 K - 3 potions of agility
 Y - 2 potions of heal wounds {unknown}
Books
 h - a book of Flames

   Spells                             Type                      Level
   a - Flame Tongue                   Conjuration/Fire             1
   b - Throw Flame                    Conjuration/Fire             2
   c - Conjure Flame                  Conjuration/Fire             3
   d - Inner Flame                    Hexes/Fire                   3
   e - Sticky Flame                   Conjuration/Fire             4
   f - Fireball                       Conjuration/Fire             5
 V - a book of Burglary

   Spells                             Type                      Level
   a - Swiftness                      Charms/Air                   2
   b - Passwall                       Transmutation/Earth          3
   c - Passage of Golubria            Translocation                4
   d - Lee's Rapid Deconstruction     Earth                        5
   e - Invisibility                   Hexes                        6
   f - Darkness                       Hexes                        7
Comestibles
 c - 8 bread rations
 g - 6 meat rations
 j - 3 chunks of flesh


   Skills:
 - Level 7.2 Fighting
 + Level 10.1 Short Blades
 - Level 11.0 Dodging
 - Level 6.4 Stealth
 - Level 4.0 Spellcasting
 - Level 10.0 Conjurations
 - Level 10.0 Fire Magic


You had 6 spell levels left.
You knew the following spells:

 Your Spells              Type           Power        Failure   Level  Hunger
a - Flame Tongue          Conj/Fire      #####        1%          1    None
b - Conjure Flame         Conj/Fire      #####...     1%          3    ###....
c - Sticky Flame          Conj/Fire      #####...     2%          4    ####...
d - Fireball              Conj/Fire      #####.....   8%          5    ######.


Dungeon Overview and Level Annotations

Branches:
Dungeon (10/15)            Temple (1/1) D:7            Lair (3/8) D:9
  Swamp: Lair:3-6    Shoals: Lair:3-6     Snake: Lair:3-6    Spider: Lair:3-6
    Orc: D:9-12

Altars:
Ashenzari
Dithmenos
Elyvilon
Gozag
Makhleb
Nemelex Xobeh
Okawaru
Qazlal
Ru
Vehumet
Xom

Shops:
D:5 *!

Annotations:
D:4 Sigmund
D:8 exclusion: killer bee
Lair:1 exclusion: hydra
Lair:2 exclusion: hydra


Innate Abilities, Weirdness & Mutations

You have a beak for a mouth.
You have claws for feet.
You can fly.

Vault maps used:
D:1:      noname_arrival_rooms_in_the_neighbourhood, roderic_lattice_a,
          corexii_corridor_pit
D:2:      old_standard_altar
D:3:      nicolae_dithmenos_shadow_blocks
D:4:      first_bread, uniq_sigmund
D:5:      overflow_temple_1_default, nicolae_gozag_zags_fifth_avenue,
          basic_altar, serial_shops, shop, kennysheep_generic_room_7
D:6:      basic_altar, makhleb_altar_promises_db, uniq_eustachio
D:7:      minmay_temple_entry_overgrown, enter_bailey_2, the_bakery
D:8:      grunt_temple_overflow_open, nemelex_dance_club_becter
D:9:      lair_0_dummy
Temple:   oiseaux_autumnal_temple_12
Lair:1:   gammafunk_lair_bear_cave, beast_lair_carwin_7
Lair:3:   beast_lair_carwin_large_4
Bailey:   bailey_polearm_1, bailey


Message History

The flame tongue hits the iguana.
You kill the iguana!
Makhleb accepts your kill.
You feel a little better.
Casting: Flame Tongue
Confirm with . or Enter, or press ? or * to list all spells.
Aiming: Flame Tongue
Press: ? - help, Shift-Dir - straight line, f - iguana
Aim: an iguana The flame tongue hits the iguana.
The iguana is moderately wounded.
Casting: Flame Tongue
Confirm with . or Enter, or press ? or * to list all spells.
Aiming: Flame Tongue
Press: ? - help, Shift-Dir - straight line, f/p - iguana
Aim: an iguana (moderately wounded)
The flame tongue hits the iguana.
The iguana appears unharmed.
The iguana is moderately wounded.
Casting: Flame Tongue
Confirm with . or Enter, or press ? or * to list all spells.
Aiming: Sticky Flame
Press: ? - help, Shift-Dir - straight line, f/p - iguana
Aim: an iguana (moderately wounded)
The sticky flame hits the iguana.
The iguana is severely wounded.
The iguana is covered in liquid flames!
The iguana burns!
You kill the iguana!
Makhleb accepts your kill.
You feel a little better.
Unknown command.
You see here an iguana corpse.
You butcher the iguana corpse.
j - 4 chunks of flesh (gained 1)
You start resting.
You are feeling hungry.
You start resting.
Magic restored.
Eat one of 4 chunks of flesh? (ye/n/q/i?) This raw flesh tastes terrible.
You continue eating. x2
You see here a war axe.
The iguana hisses angrily.
Casting: Sticky Flame
Confirm with . or Enter, or press ? or * to list all spells.
Aiming: Sticky Flame
Press: ? - help, Shift-Dir - straight line, f - iguana
Aim: an iguana The sticky flame hits the iguana.
The iguana is lightly wounded.
The iguana is covered in liquid flames!
The iguana burns!
The iguana misses you.
You barely miss the iguana. You claw the iguana, but do no damage.
You peck the iguana.
The iguana is heavily wounded.
The iguana bites you!
You puncture the iguana!
The iguana is poisoned.
The iguana is almost dead.
You kill the iguana!
Makhleb accepts your kill.
A komodo dragon comes into view.
You see here an iguana corpse.
Found a mace.
The basilisk hisses angrily.
The basilisk gazes at you.
You are slowing down.
The five-headed hydra roars!
The basilisk gazes at you.
Your limbs have turned to stone.
You have turned to stone.
The iguana hisses angrily.
The five-headed hydra bites you!
The five-headed hydra bites you but does no damage.
The five-headed hydra bites you! The five-headed hydra bites you.
The five-headed hydra bites you. The five-headed hydra bites you.
The five-headed hydra bites you! The five-headed hydra bites you! x2
The five-headed hydra bites you but does no damage.
The five-headed hydra bites you. The five-headed hydra bites you!
The five-headed hydra bites you. The five-headed hydra bites you!
The five-headed hydra bites you but does no damage.
The five-headed hydra bites you! The five-headed hydra bites you.
The five-headed hydra bites you. x2
* * * LOW HITPOINT WARNING * * *
The five-headed hydra bites you but does no damage.
The iguana bites you!
* * * LOW HITPOINT WARNING * * *
The five-headed hydra bites you.
* * * LOW HITPOINT WARNING * * *
The five-headed hydra bites you.
* * * LOW HITPOINT WARNING * * *
The five-headed hydra bites you.
* * * LOW HITPOINT WARNING * * *
The five-headed hydra bites you.
* * * LOW HITPOINT WARNING * * *
The five-headed hydra bites you. The iguana bites you!
* * * LOW HITPOINT WARNING * * *
You turn to flesh and can move again.
Read which item? (? for menu, Esc to quit)
Okay, then.
The iguana closely misses you. The five-headed hydra bites you!
You die...

##.##.##.......l......
###....#...............
#........................
.........................
......P..#............... #
.....##...#................. .
.≈≈≈P...##..........).....P# ...
≈≈≈...P.# ###....##........###...
≈≈.....## #...#@D..####..#..P...
..≈.....# ##.l.###..#.........
P.........#.l#..###...#..........
###.##.....?...#.................
#.. ..#.###....PP.##.)..........
#.. ..#............#............


#ll #..#...#...##.##............ .## ...#.##....##.#.......†..... ...
###......###...#..###.... You could see a five-headed hydra and an iguana.

Vanquished Creatures
  A hydra (Lair:1)
  3 death yaks
  2 hill giants (D:10)
  6 spiny frogs
  5 komodo dragons
  A polar bear (Lair:1)
  8 blink frogs (Lair:2)
  A spriggan (D:7)
  16 yaks
  A steam dragon (D:10)
  Eustachio (D:6)
  A wyvern (D:10)
  A basilisk (Lair:3)
  2 hungry ghosts
  7 wolves (Lair:1)
  3 water moccasins
  4 orc warriors
  8 porcupines
  A black bear (Lair:1)
  2 sky beasts (D:5)
  A phantom (D:8)
  An ice beast (D:10)
  6 ogres
  6 crocodiles
  5 centaurs
  7 giant frogs
  A big kobold (D:9)
  2 scorpions
  An electric eel (Lair:1)
  4 wights (D:9)
  10 crimson imps
  A giant frog zombie (D:5)
  A centaur zombie (D:9)
  3 orc wizards
  A centaur skeleton (D:6)
  7 hounds
  10 iguanas
  2 giant frog skeletons
  5 worker ants
  13 sheep
  4 gnolls (D:6)
  10 adders
  16 river rats
  5 shadow imps
  An ooze (D:8)
  2 worms (D:5)
  5 giant geckos
  22 orcs
  13 bats
  A bat skeleton (D:4)
  3 giant cockroaches
  14 goblins
  13 hobgoblins
  10 jackals
  20 kobolds
  2 giant newts
  9 rats
311 creatures vanquished.

Vanquished Creatures (others)
  A sky beast (D:6)
1 creature vanquished.

Grand Total: 312 creatures vanquished

Action                   |  1- 3 |  4- 6 |  7- 9 | 10-12 || total
-------------------------+-------+-------+-------+-------++-------
Melee: Club              |     5 |       |       |       ||     5
       Dagger            |    19 |    42 |    76 |   123 ||   260
       Rapier            |       |       |   150 |   279 ||   429
 Cast: Flame Tongue      |    43 |    66 |   180 |    70 ||   359
       Conjure Flame     |       |     2 |     6 |    16 ||    24
       Sticky Flame      |       |     1 |    29 |    82 ||   112
 Abil: Fly               |       |       |     3 |       ||     3
Evoke: Wand              |       |       |       |     1 ||     1
  Use: Scroll            |       |     8 |     4 |     8 ||    20
 Stab: Sleeping          |     1 |     2 |     4 |    14 ||    21
  Eat: Chunk             |     4 |     8 |    25 |    32 ||    69
       Beef jerky        |       |     1 |     1 |       ||     2
       Bread ration      |       |       |     2 |     1 ||     3
       Royal jelly       |       |       |       |     1 ||     1

Action                   |  1- 3 |  4- 6 |  7- 9 | 10-12 || total
-------------------------+-------+-------+-------+-------++-------
Melee: Club              |     5 |       |       |       ||     5
       Dagger            |    19 |    42 |    76 |   123 ||   260
       Rapier            |       |       |   150 |   279 ||   429
 Cast: Flame Tongue      |    43 |    66 |   180 |    70 ||   359
       Conjure Flame     |       |     2 |     6 |    16 ||    24
       Sticky Flame      |       |     1 |    29 |    82 ||   112
 Abil: Fly               |       |       |     3 |       ||     3
Evoke: Wand              |       |       |       |     1 ||     1
  Use: Scroll            |       |     8 |     4 |     8 ||    20
 Stab: Sleeping          |     1 |     2 |     4 |    14 ||    21
  Eat: Chunk             |     4 |     8 |    25 |    32 ||    69
       Beef jerky        |       |     1 |     1 |       ||     2
       Bread ration      |       |       |     2 |     1 ||     3
       Royal jelly       |       |       |       |     1 ||     1
